[Event "21st Open Gran Hotel Bali-A 2024"]
[Site "Benidorm"]
[Date "2024.11.29"]
[Round "1.1"]
[White "Stewart, Ashley"]
[Black "Albornoz Cabrera, Carlos Daniel"]
[Result "0-1"]
[ECO "A13"]
[WhiteElo "2078"]
[BlackElo "2572"]
[Annotator "TA"]
[PlyCount "120"]
[EventDate "2024.11.26"]
[EventType "swiss"]
[EventCountry "ESP"]
[SourceTitle "playchess.com"]
[Source "ChessBase"]
[SourceQuality "1"]
[TimeControl "5400+30"]

1. c4 e6 2. g3 d5 3. Bg2 d4 4. Nf3 Nc6 5. O-O Nf6 6. d3 Bc5 7. Nbd2 a5 8. Nb3 {[%emt 0:02:38] Inhibits e5.} Be7 {[%emt 0:00:06] The position is equal.} 9. e3 dxe3 10. Bxe3 Ng4 11. Bc5 O-O 12. Bxe7 Qxe7 13. Qe2 e5 14. Rfe1 (14. Rae1 $5) 14... Re8 15. h3 (15. Qc2 $142) 15... Nh6 ({Black should try} 15... a4 $11 16. Nbd2 Nf6) 16. d4 $14 e4 {[%emt 0:08:52][%cal Oa5a4] [#] aiming for ...a4!} 17. Ne5 $1 f5 (17... Nxe5 18. dxe5) 18. Nxc6 bxc6 19. Nc5 Nf7 (19... Qd6 $14) 20. Rad1 Ng5 21. f3 Qd6 22. h4 Ne6 {[%emt 0:03:39] [#]} (22... Nxf3+ $11 23. Bxf3 Qxg3+ 24. Bg2 Qxh4) 23. Nxe6 (23. Qf2 $1 $16) 23... Bxe6 $11 24. fxe4 {[%emt 0:01:02] Hoping for e5.} Qxg3 25. exf5 Bxf5 26. Qf2 Qg6 27. Kh2 {[%emt 0:00:49] Repels Bh3} Bg4 28. Rxe8+ Rxe8 29. Rd2 Qh6 30. Kg1 Bd7 (30... Rf8 $5 31. Qe1 $8 Qf6 $11) 31. d5 (31. b3 {is interesting.} Qg6 32. Re2 Rf8 33. Qe1) 31... Rf8 32. Qe1 c5 33. Re2 {[%emt 0:00:33] Prevents Re8} Qf4 34. Re7 Qd4+ 35. Qe3 Qxe3+ 36. Rxe3 {[%emt 0:00:01][%mdl 4096] Endgame. KRB-KRB} Kf7 37. Ra3 a4 38. b3 axb3 39. axb3 Ke7 40. Ra5 Kd6 41. Ra6+ Ke5 42. Ra7 Rc8 43. Kf2 h6 44. Bf3 g5 45. hxg5 hxg5 46. Ke3 g4 47. Be2 {[%emt 0:01:01] This move loses the game for White.} (47. Be4 $17) 47... g3 $19 48. Ra3 Rf8 49. Bf3 $2 {[%emt 0:00:20] [#]} (49. Ra2) 49... Bg4 $1 50. Bh1 (50. Bg2 Rf2) 50... Rf1 51. Bg2 Rf2 52. Be4 Re2+ {[%emt 0:00:08] Black mates.} 53. Kd3 Rxe4 {[%emt 0:00:10] KRB-KR} 54. Ra2 Bf5 55. Rg2 Rd4+ 56. Ke3 Rd3+ 57. Ke2 Rxb3 58. Rg1 Bd3+ 59. Kd2 Bxc4 60. Rh1 Bxd5 {[%emt 0:00:20] Weighted Error Value: White=0.34/Black=0.08 (flawless) .  Loses game:     	White=1     	---        Mistake:       	White=3     	Black=3      Inaccurate:     	White=5     	Black=1      OK:         	White=19    	Black=16     Best:        	White=1     	Black=2      Brilliant:      	White=1     	Black=1} 0-1

[Event "21st Open Gran Hotel Bali-A 2024"]
[Site "Benidorm"]
[Date "2024.11.29"]
[Round "1.2"]
[White "Amar, Elham"]
[Black "Karut, Kacper"]
[Result "1-0"]
[ECO "B60"]
[WhiteElo "2529"]
[BlackElo "2076"]
[Annotator "TA"]
[PlyCount "51"]
[EventDate "2024.11.26"]
[EventType "swiss"]
[EventCountry "ESP"]
[SourceTitle "playchess.com"]
[Source "ChessBase"]
[SourceQuality "1"]
[TimeControl "5400+30"]

1. e4 c5 2. Nf3 d6 3. d4 cxd4 4. Nxd4 Nf6 5. Nc3 Nc6 6. Bg5 Bd7 7. Nxc6 Bxc6 8. Bxf6 gxf6 9. Bb5 {[%emt 0:00:06] White is slightly better.} Bxb5 10. Nxb5 Qa5+ 11. Nc3 e6 12. O-O Be7 13. Kh1 Rg8 14. f4 O-O-O 15. Rb1 Qc5 16. Rf3 Kb8 17. Qe2 Rc8 18. Qd3 Qc4 19. Rh3 Rg7 20. Rh5 Rc5 (20... d5 $11) 21. f5 $16 d5 22. fxe6 d4 {[%emt 0:07:45] [#] aiming for ...Qxd3.} 23. Rxc5 Qxc5 24. Ne2 fxe6 25. Nxd4 Bd6 {[%emt 0:01:47] [#]} (25... Qd6 $16) 26. Rd1 $1 {[%emt 0:01:02] Weighted Error Value: White=0.11 (very precise) /Black=0.21 (precise) .  Mistake:       	---       	Black=2      Inaccurate:     	White=3     	Black=1      OK:         	White=4     	Black=7      Best:        	White=3     	---        Strong:       	White=1     	---} (26. Nxe6 Qe5 27. Qh3 (27. Nxg7 $2 Qxh2#) 27... Re7 $15) 1-0

[Event "21st Open Gran Hotel Bali-A 2024"]
[Site "Benidorm"]
[Date "2024.11.29"]
[Round "1.3"]
[White "Peter, Steven"]
[Black "Solodovnichenko, Yuri"]
[Result "0-1"]
[ECO "B50"]
[WhiteElo "2074"]
[BlackElo "2503"]
[Annotator "TA"]
[PlyCount "54"]
[EventDate "2024.11.26"]
[EventType "swiss"]
[EventCountry "ESP"]
[SourceTitle "playchess.com"]
[Source "ChessBase"]
[SourceQuality "1"]
[TimeControl "5400+30"]

1. e4 c5 2. Nf3 d6 3. Bc4 Nf6 4. d3 Nc6 5. c3 g6 6. O-O Bg7 7. a4 O-O 8. Re1 e5 9. Bg5 {[%emt 0:03:05] White has an edge.} h6 10. Bxf6 Qxf6 11. a5 Rb8 12. Nbd2 Qd8 13. Qa4 Bd7 14. Qa3 Kh7 15. b4 cxb4 16. cxb4 a6 17. b5 axb5 18. Bxb5 Be6 19. Reb1 Na7 20. Bc4 {[%emt 0:00:00] next Bxe6 is good for White.} d5 21. exd5 Bxd5 22. Ra2 Nc6 23. Qc5 (23. h3 $11 {keeps the balance.}) 23... Bxc4 $17 24. dxc4 f5 ({Black should try} 24... Re8 $17 {...e4 would now be deadly.} 25. Nf1 e4) 25. Qd5 (25. a6 $15 Qd7 26. a7) 25... e4 26. Ne1 Qe7 {[%emt 0:00:56] And now ...Nb4 would win.} 27. Nb3 $2 {[%emt 0:00:00][%mdl 8192] [#]} (27. Qb5 $17 {might work better.}) 27... Nb4 $1 {[%emt 0:00:29][%csl LRa2,LRd5] Weighted Error Value: White=0.36/Black=0.08 (flawless) .  Loses game:     	White=1     	---        Mistake:       	White=2     	Black=1      Inaccurate:     	White=1     	Black=1      OK:         	White=8     	Black=7      Best:        	White=1     	Black=3} 0-1

[Event "21st Open Gran Hotel Bali-A 2024"]
[Site "Benidorm"]
[Date "2024.11.29"]
[Round "1.4"]
[White "Kvaloy, Aksel Bu"]
[Black "Nunez Munoz, Jesus"]
[Result "1-0"]
[ECO "B13"]
[WhiteElo "2502"]
[BlackElo "2060"]
[Annotator "TA"]
[PlyCount "103"]
[EventDate "2024.11.26"]
[EventType "swiss"]
[EventCountry "ESP"]
[SourceTitle "playchess.com"]
[Source "ChessBase"]
[SourceQuality "1"]
[TimeControl "5400+30"]

1. e4 c6 2. d4 d5 3. exd5 cxd5 4. Bd3 Nc6 5. c3 Nf6 6. h3 e5 7. dxe5 Nxe5 8. Nf3 Nxd3+ 9. Qxd3 Be7 10. O-O O-O 11. Be3 Re8 12. Nbd2 h6 13. Rfe1 Bd7 14. Bd4 Be6 15. Rad1 b6 16. Ne5 {[%emt 0:12:26] White is slightly better.} Qc8 17. Qf3 Bc5 18. Qf4 Qc7 19. Re3 Rac8 20. Rde1 Bxd4 21. Qxd4 Qc5 22. Nb3 Qc7 23. f3 Bf5 24. Qf4 (24. Qh4 $16) 24... Bd7 25. Nd4 Rcd8 26. h4 {[%emt 0:04:41] White is more active.} (26. Qh2 {simplifies} Re7 27. Nxd7 Qxh2+ 28. Kxh2 Rexd7 29. g4) 26... Re7 27. Nd3 {[%emt 0:03:47][%csl LRc7,LRe7] A dynamic duo of knights.} Qxf4 28. Nxf4 Rxe3 29. Rxe3 Re8 30. Rxe8+ Bxe8 $14 {[%emt 0:00:07][%mdl 4096] Endgame. KBN-KNN} 31. Kf2 Kf8 32. Ke3 Bd7 33. Nc2 Ke7 34. Kd4 Kd6 35. Ne3 Be6 36. h5 a5 $2 {[%emt 0:01:10] [#] Loses the game.} (36... Kc6 $14) 37. a4 $1 $18 Kc6 38. b4 Kd6 39. b5 g5 (39... Nd7 {keeps fighting.} 40. Nfxd5 (40. Nexd5 Bxd5 41. Nxd5 g6 $18) 40... Bxd5 41. Nxd5 g5) 40. hxg6 fxg6 41. Nxg6 Nd7 42. Nf4 Nc5 43. Nexd5 Nb3+ (43... Nxa4 $142 44. Nxe6 Kxe6 45. Nf4+ Kf5) 44. Kc4 Nd2+ 45. Kd3 Nxf3 46. Nxe6 ({Weaker is} 46. Nxb6 Bf5+ 47. Ke3 Kc5 $16) 46... Ne5+ 47. Ke4 Kxe6 48. Nxb6 h5 49. c4 {[%emt 0:00:34][%cal Bc3c4,Bc4c5][%mdl 32] [#] c5 is the strong threat.} Ng6 50. c5 {[%emt 0:00:24] Black must now prevent c6.} Nh4 51. Nd5 Nxg2 52. b6 {[%emt 0:28:18] Weighted Error Value: White=0.08 (flawless) /Black=0.50.  Loses game:     	---       	Black=1      Mistake:       	White=1     	Black=2      Inaccurate:     	White=1     	Black=4      OK:         	White=9     	Black=12     Best:        	White=5     	Black=2      Strong:       	White=1     	---} 1-0

[Event "21st Open Gran Hotel Bali-A 2024"]
[Site "Benidorm"]
[Date "2024.11.29"]
[Round "1.5"]
[White "Lacrosse, Marc"]
[Black "Castellanos Rodriguez, Renier"]
[Result "0-1"]
[ECO "E90"]
[WhiteElo "2057"]
[BlackElo "2472"]
[Annotator "TA"]
[PlyCount "48"]
[EventDate "2024.11.26"]
[EventType "swiss"]
[EventCountry "ESP"]
[SourceTitle "playchess.com"]
[Source "ChessBase"]
[SourceQuality "1"]
[TimeControl "5400+30"]

1. d4 Nf6 2. c4 g6 3. Nc3 Bg7 4. e4 d6 5. Nf3 Bg4 6. Be2 Bxf3 7. Bxf3 {[%emt 0:00:54] [#] aiming for e5.} e5 8. d5 h5 9. Rb1 Bh6 {[%emt 0:00:59] White is slightly better.} 10. b4 Bxc1 11. Qxc1 Nbd7 12. h3 a5 13. a3 $1 Kf8 14. Qe3 (14. O-O $14) 14... Kg7 15. O-O Qe7 16. Rfc1 Rhc8 17. Bd1 c6 18. dxc6 bxc6 19. Be2 axb4 20. axb4 Nf8 21. b5 Ne6 22. bxc6 Rxc6 23. Nd5 Qd8 24. Rd1 Rca6 {[%emt 0:01:23] Weighted Error Value: White=0.10 (very precise) /Black=0.03 (flawless) .  Mistake:       	White=1     	---        OK:         	White=3     	Black=9      Strong:       	White=1     	---} 0-1

[Event "21st Open Gran Hotel Bali-A 2024"]
[Site "Benidorm"]
[Date "2024.11.29"]
[Round "1.6"]
[White "Ilinca, Felix-Antonio"]
[Black "Khoroshykh, Yaroslav"]
[Result "1-0"]
[ECO "B90"]
[WhiteElo "2470"]
[BlackElo "2057"]
[Annotator "RC"]
[PlyCount "77"]
[EventDate "2024.11.26"]
[EventType "swiss"]
[EventCountry "ESP"]
[SourceTitle "playchess.com"]
[Source "ChessBase"]
[SourceQuality "1"]
[TimeControl "5400+30"]

1. e4 c5 2. Nf3 d6 3. d4 cxd4 4. Nxd4 Nf6 5. Nc3 a6 6. h3 h5 7. Bc4 Qc7 8. Bb3 e6 9. Qe2 b5 10. a3 Nc6 11. Nxc6 Qxc6 12. Nd5 Bb7 13. Bg5 O-O-O 14. Nxf6 Be7 15. Nh7 Qc7 16. c4 Rxh7 17. Bxe7 Qxe7 18. cxb5 Qg5 19. bxa6 Qa5+ 20. Qd2 Qxd2+ 21. Kxd2 Bxe4 22. Rhc1+ Kb8 23. f3 Ba8 24. Bc4 Rhh8 25. b4 Rc8 26. b5 Rc5 27. b6 Rhc8 28. b7 Bxb7 29. axb7 Kxb7 30. Rcb1+ Ka7 31. Bd3 Rg5 32. g4 hxg4 33. hxg4 Rh8 34. Rb4 Rh2+ 35. Ke3 Re5+ 36. Be4 d5 37. Rab1 dxe4 38. Ra4+ Ra5 39. Rxa5# 1-0

[Event "21st Open Gran Hotel Bali-A 2024"]
[Site "Benidorm"]
[Date "2024.11.29"]
[Round "1.7"]
[White "Kaewpitakkun, Pantham"]
[Black "Mitusov, Semen"]
[Result "0-1"]
[ECO "B11"]
[WhiteElo "2055"]
[BlackElo "2465"]
[Annotator "TA"]
[PlyCount "72"]
[EventDate "2024.11.26"]
[EventType "swiss"]
[EventCountry "ESP"]
[SourceTitle "playchess.com"]
[Source "ChessBase"]
[SourceQuality "1"]
[TimeControl "5400+30"]

1. e4 c6 2. Nf3 d5 3. Nc3 Bg4 4. h3 Bxf3 5. Qxf3 e6 6. Be2 Nf6 7. O-O d4 8. Nb1 Nbd7 9. d3 Bd6 {[%emt 0:00:07] Against Qg3} 10. g3 h5 11. Bg5 (11. Qg2 $14) 11... Qa5 12. h4 Ng4 13. Nd2 Nde5 {[%emt 0:04:00] Excellent horsemanship.} 14. Qg2 f6 {[%emt 0:02:40] Prevents f4.} 15. Bf4 (15. Nb3 $14 {was preferable.} Qb6 16. Bf4) 15... O-O-O $11 16. Bxe5 (16. Nb3 $11 Qc7 17. Nxd4) 16... Nxe5 $15 17. Nf3 {[%emt 0:03:16] White is weak on the dark squares} ({White should try} 17. Nb3 $15 Qb6 18. Qh3) 17... Nxf3+ $17 18. Bxf3 g5 {[%emt 0:00:33] Black is more active.} 19. e5 Bxe5 (19... Qxe5 20. Rae1 Qf5 21. Bxh5 $17) 20. b4 Qxb4 ({Black should play} 20... Qb6 $19 {White must now prevent ...gxh4.} 21. hxg5 fxg5) 21. Bxc6 $1 $15 {[%emt 0:05:48] Strongly threatening Rab1.} bxc6 (21... Qb6 {simplifies} 22. Be4 Qc7 23. Rfb1 b6) 22. Qxc6+ Bc7 $1 23. Qxe6+ Rd7 $1 24. Qa6+ Qb7 25. Qxf6 Rg8 26. hxg5 $2 (26. Rab1 $1 $11 {and White has nothing to worry.} Bb6 27. hxg5) 26... Bd8 $19 27. Qe6 Rxg5 28. Rab1 {[%emt 0:00:51] [#]} Bb6 $1 29. a4 h4 30. Qf6 (30. Rb5 $142 Rxb5 31. axb5) 30... Rdg7 31. Qf8+ Kd7 {[%emt 0:00:06][%cal Og5g3] ( -> ...Rxg3+!)} 32. a5 {[%emt 0:04:02] [#]} (32. Rb5 $19 h3 (32... hxg3 $2 33. Rxg5 gxf2+ 34. Kxf2 $19) 33. f3 Rxg3+ 34. Kh1) 32... Rxg3+ $1 33. fxg3 Rxg3+ 34. Kf2 Qg2+ 35. Ke1 Bxa5+ ({Weaker is} 35... Qxc2 36. Rf7+ Ke6 37. Qe8+ (37. Rf6+ Kd7 38. Qd6+ Kc8 39. Rf8+ Kb7 40. Rxb6+ axb6 41. Qxb6#) 37... Kd6 38. Qd7+ Ke5 39. Rf5#) 36. Rb4 Bxb4+ 0-1

[Event "21st Open Gran Hotel Bali-A 2024"]
[Site "Benidorm"]
[Date "2024.11.29"]
[Round "1.8"]
[White "Movsziszian, Karen"]
[Black "Steiners, Emils"]
[Result "1-0"]
[ECO "A08"]
[WhiteElo "2439"]
[BlackElo "2054"]
[Annotator "TA"]
[PlyCount "97"]
[EventDate "2024.11.26"]
[EventType "swiss"]
[EventCountry "ESP"]
[SourceTitle "playchess.com"]
[Source "ChessBase"]
[SourceQuality "1"]
[TimeControl "5400+30"]

1. g3 d5 2. Nf3 c5 3. Bg2 Nf6 4. O-O Nc6 5. d3 e5 6. Nbd2 Be7 7. e4 dxe4 8. dxe4 O-O 9. c3 Qc7 10. Qe2 h6 11. Nc4 Be6 12. Nh4 Rad8 13. Nf5 b5 14. Nce3 c4 15. a4 a6 16. axb5 axb5 17. Ra6 (17. Ng4 $1 $14) 17... Nb8 $11 18. Ra2 Bc5 19. Ng4 (19. Qf3 $11 {feels stronger.}) 19... Nbd7 $1 $15 20. h3 Bxf5 21. exf5 {[%emt 0:00:16] [#]} e4 $1 22. Bf4 Bd6 23. Be3 ({But not} 23. Nxf6+ Nxf6 24. Be3 (24. Bxd6 Qxd6 25. b3 cxb3 $17) 24... Bc5 $17) 23... Nxg4 24. hxg4 Rfe8 25. Ra7 Qc6 26. Rfa1 $1 Ne5 27. R7a6 Qd5 28. Bb6 $1 Nf3+ 29. Bxf3 $1 exf3 30. Qd1 $36 {[%emt 0:00:08][%mdl 2048] Black is under pressure.} Qe4 $2 (30... Qxd1+ $11 31. Rxd1 Rd7) 31. Bxd8 $18 Bxg3 32. fxg3 Qxg4 33. Bh4 Re2 34. Qd8+ Kh7 {[%emt 0:00:06] [#]} 35. Rxh6+ $3 gxh6 36. Qf6 f2+ 37. Kf1 Re1+ 38. Rxe1 fxe1=Q+ 39. Kxe1 Qe4+ 40. Kf2 Qc2+ 41. Ke3 Qd3+ 42. Kf4 Qd2+ 43. Ke5 Qe3+ 44. Kd5 (44. Kd6 $142 Qb6+ 45. Kd5 Qb7+ 46. Qc6 Qb8 47. Qd7 Qg8 48. Bf6 (48. Qxb5 Kg7 $18) 48... Qa8+ 49. Kc5) 44... Qf3+ 45. Kc5 Qf2+ 46. Kc6 Qg2+ 47. Kd6 Qd2+ 48. Ke7 Qe3+ 49. Kxf7 1-0

[Event "21st Open Gran Hotel Bali-A 2024"]
[Site "Benidorm"]
[Date "2024.11.29"]
[Round "1.9"]
[White "Portero Rubio, Martin"]
[Black "Marin, Mihail"]
[Result "0-1"]
[ECO "B08"]
[WhiteElo "2053"]
[BlackElo "2431"]
[Annotator "TA"]
[PlyCount "138"]
[EventDate "2024.11.26"]
[EventType "swiss"]
[EventCountry "ESP"]
[SourceTitle "playchess.com"]
[Source "ChessBase"]
[SourceQuality "1"]
[TimeControl "5400+30"]

1. e4 g6 2. d4 Bg7 3. Nf3 d6 4. Nc3 a6 5. a4 Nf6 6. Be2 O-O 7. O-O b6 8. Re1 e6 9. Bf1 Bb7 10. h3 Nc6 11. Bg5 h6 12. Bh4 Ne7 13. Bd3 Nd7 14. Qd2 c5 15. Bf1 cxd4 16. Nxd4 Nf6 17. Rad1 g5 18. Bg3 Rc8 19. f3 ({White should play} 19. h4 $14) 19... Ng6 (19... Nh5 $1 $11 20. Bh2 Qc7) 20. Nb3 $14 d5 21. exd5 Nxd5 22. Ne4 Ndf4 23. Nd6 Rb8 24. Nxb7 Qxd2 25. Rxd2 Rxb7 26. c3 Ra8 27. Red1 Bf6 {[%emt 0:00:08] Wards off Rd8+} 28. Rd7 Rxd7 29. Rxd7 Ne5 30. Rd2 (30. Rb7 $14) 30... Nxh3+ $11 {[%emt 0:02:17] Excellent horsemanship.} 31. Kh2 (31. gxh3 $11 Nxf3+ 32. Kf2 Nxd2 33. Nxd2) 31... Nf4 $15 32. Bxf4 gxf4 33. Rd6 Bd8 34. Rd4 Bc7 35. Kh3 (35. Kg1 $15) 35... Kf8 $17 36. Rxf4 {[%emt 0:00:37] [#]} Nd3 $1 37. Rc4 Nf2+ 38. Kh4 {[%emt 0:00:01] [#]} Bd8+ $1 39. Kg3 Nd1 40. Rd4 Nxb2 41. Kf2 {[%emt 0:00:35] [#]} (41. Nc1 $17) 41... b5 $1 42. Nc5 (42. axb5 Bb6 43. c4 (43. bxa6 $2 e5 $19) 43... Bxd4+ 44. Nxd4 axb5 45. cxb5 Ke8 $19) 42... Nxa4 (42... Kg7 $19 {has better winning chances. and ...Bb6 would now be decisive} 43. Rd2 Bb6 (43... Nxa4 44. Nxa4 bxa4 45. Ra2 $17) 44. Rxb2 Bxc5+ 45. Ke1 bxa4) 43. Nxa4 bxa4 44. Rxa4 $19 {[%emt 0:00:01][%mdl 4096] Endgame KRB-KRB. Black is a pawn up.} Bb6+ 45. Kg3 a5 46. Bb5 Rc8 47. c4 Ke7 48. Kf4 h5 {[%emt 0:00:32] Black is more active.} 49. Ra1 {[%emt 0:00:37] [#]} (49. Kg3 $17 {is a better defense.}) 49... Rg8 $1 50. Ra2 f5 51. c5 Bxc5 52. Rxa5 (52. Rc2 $142 Bd6+ 53. Ke3) 52... Rxg2 53. Bf1 Bd6+ 54. Ke3 Rc2 55. Ra7+ Kf6 56. Rh7 Kg6 57. Rh8 Be5 58. Rg8+ Bg7 59. Bd3 Rc3 60. Kd2 Ra3 61. Re8 e5 62. Re6+ Kg5 63. Re7 Kf6 64. Rb7 h4 65. Rb1 $2 (65. f4 e4 (65... exf4 66. Rb5 $11) 66. Bc4) 65... Bh6+ 66. Kc2 h3 67. Rh1 {[%emt 0:00:30] [#]} h2 $1 68. Be2 (68. Bb5 Bf4) 68... Ra2+ 69. Kd3 Rd2+ 0-1

[Event "21st Open Gran Hotel Bali-A 2024"]
[Site "Benidorm"]
[Date "2024.11.29"]
[Round "1.10"]
[White "Wirig, Anthony"]
[Black "Shah Jeet"]
[Result "1/2-1/2"]
[ECO "D35"]
[WhiteElo "2427"]
[BlackElo "2052"]
[Annotator "TA"]
[PlyCount "95"]
[EventDate "2024.11.26"]
[EventType "swiss"]
[EventCountry "ESP"]
[SourceTitle "playchess.com"]
[Source "ChessBase"]
[SourceQuality "1"]
[TimeControl "5400+30"]

1. d4 d5 2. Nf3 Nf6 3. c4 e6 4. Nc3 Nbd7 5. cxd5 exd5 6. Bf4 c6 7. e3 Be7 8. Bd3 Nf8 9. h3 Ng6 10. Bg3 O-O 11. Qc2 Bd6 12. Ne5 (12. Bxd6 $14 Qxd6 13. Rb1) 12... Re8 $11 13. f4 c5 14. O-O c4 15. Be2 Bb4 16. Be1 Bxc3 17. bxc3 Ne4 18. Bf3 Nxe5 19. dxe5 f5 20. Rd1 Qb6 21. Rd4 Be6 22. Bxe4 dxe4 23. Bh4 {[%emt 0:00:16] Prevents Red8} Qc5 24. Rfd1 b5 25. Qf2 a5 26. Qg3 $1 b4 (26... Kh8 $5) 27. Bf6 g6 $1 (27... Qf8 $6 28. Rd7 Bf7 (28... Bxd7 $2 29. Rxd7 g6 30. Qh4 $18) 29. cxb4 axb4 30. R1d6 $16) 28. Qh4 Qc7 {[%emt 0:03:00] Against Rd7} 29. Qh6 $40 {[%emt 0:01:38][%cal Od4d7][%mdl 128] Threatening mate with Rd7!. Black needs to defend precisely.} Qf7 30. Rd6 b3 31. a4 Rab8 32. Kh2 Rb7 33. Bd8 b2 $2 {[%emt 0:01:05] Black is weak on the dark squares} (33... Bd7 $15 {stays ahead.} 34. Bxa5 Bxa4) 34. Rb1 $1 $16 {[%emt 0:00:01] White is more active.} Qf8 (34... Rb3 $16) 35. Qxf8+ $1 $18 Kxf8 36. Bxa5 Rb3 37. Rb6 $1 Ra8 38. Bb4+ Kf7 {[%emt 0:00:01] [#]} 39. a5 $1 Ra7 40. Kg3 {[%emt 0:00:48] and a6 should not be overlooked} Bd5 (40... Ra8 $142 41. h4 h5) 41. Kf2 $2 (41. a6 $18 {is the precise move to win.}) 41... Rb7 $16 {[%emt 0:00:18] [#]} 42. e6+ Ke8 $1 $14 {[%emt 0:00:19] aiming for ...Rxb6.} 43. Rxb7 ({Avoid the trap} 43. Rd6 $2 R7xb4 44. Rxd5 (44. cxb4 $2 {perishes.} c3 $19) 44... Rxc3 $19) 43... Bxb7 44. Bd6 Bd5 45. e7 Bb7 46. Ke2 Rb5 $1 47. Ba3 (47. Bb4 Rxb4 48. cxb4 c3 $11) 47... Rxa5 48. Bxb2 (48. Rxb2 Rxa3 49. Rxb7 Rxc3) 1/2-1/2

[Event "21st Open Gran Hotel Bali-A 2024"]
[Site "Benidorm"]
[Date "2024.11.29"]
[Round "1.11"]
[White "Tenfjord Engelsen, Teodor"]
[Black "Gormally, Daniel W"]
[Result "1/2-1/2"]
[ECO "D05"]
[WhiteElo "2044"]
[BlackElo "2424"]
[Annotator "TA"]
[PlyCount "45"]
[EventDate "2024.11.26"]
[EventType "swiss"]
[EventCountry "ESP"]
[SourceTitle "playchess.com"]
[Source "ChessBase"]
[SourceQuality "1"]
[TimeControl "5400+30"]

1. d4 Nf6 2. Nf3 c5 3. c3 e6 4. Nbd2 d5 5. e3 Nc6 6. Bd3 Bd6 7. dxc5 Bxc5 8. b4 Bd6 9. a3 Ne5 10. Nxe5 Bxe5 11. Bb2 Nd7 12. O-O b6 (12... h6 $11 {keeps the balance.}) 13. Qb1 (13. f4 $16 Bf6 14. e4) 13... Bb7 14. Rc1 (14. f4 $1 $14 Bf6 15. e4) 14... h6 15. c4 O-O 16. cxd5 Bxd5 17. Be4 Bxe4 18. Nxe4 f5 19. Bxe5 Nxe5 20. Ng3 f4 21. exf4 Rxf4 22. Qa2 Qd5 23. Rd1 1/2-1/2

[Event "21st Open Gran Hotel Bali-A 2024"]
[Site "Benidorm"]
[Date "2024.11.29"]
[Round "1.12"]
[White "Elsness, Frode"]
[Black "Nieminen, Kari"]
[Result "1-0"]
[ECO "D35"]
[WhiteElo "2424"]
[BlackElo "2043"]
[Annotator "TA"]
[PlyCount "61"]
[EventDate "2024.11.26"]
[EventType "swiss"]
[EventCountry "ESP"]
[SourceTitle "playchess.com"]
[Source "ChessBase"]
[SourceQuality "1"]
[TimeControl "5400+30"]

1. d4 d5 2. c4 e6 3. Nc3 Nf6 4. cxd5 exd5 5. Bg5 Nbd7 6. e3 c6 7. Bd3 h6 8. Bf4 Be7 9. h3 Nf8 10. Nf3 Ne6 11. Bh2 Ng5 12. Ne5 Nge4 13. O-O Nxc3 14. bxc3 O-O 15. c4 Bd6 16. Rb1 Qe7 17. Qb3 (17. c5 $16 Bc7 18. Qe2) 17... a6 (17... dxc4 $11 18. Nxc4 (18. Bxc4 b5 $11) 18... Bxh2+ 19. Kxh2 b6) 18. Rfc1 Ra7 19. Qb6 Ra8 20. Kh1 ({White should play} 20. c5 $16 Bc7 21. Qb3) 20... Bb8 {[%emt 0:05:06] [#]} (20... Bxe5 $11 {keeps the balance.} 21. dxe5 (21. Bxe5 Nd7 $14) 21... Ne4) 21. Nxc6 {[%emt 0:16:07] White is much more active. The black rooks are passive.} bxc6 $11 22. Bxb8 Bd7 $2 (22... Nd7 $1 $11 {and Black has nothing to worry.} 23. Qxc6 (23. Qc7 Qa3 $17) 23... Rxb8) 23. Be5 $18 Ne4 24. Qb2 Qh4 25. Kg1 Rfe8 26. f3 Ng5 27. Qf2 Qxf2+ 28. Kxf2 f6 29. Bg3 Rec8 30. c5 {[%emt 0:02:57] Black is weak on the dark squares} Ra7 31. Rb6 1-0